 Dungeon Crawl Stone Soup version 0.29.0-4-gdea44cf6ec (webtiles) character file.

Game seed: 3961432063189920138

2298 qw the Cleaver (level 9, -2/69 HPs)
             Began as a Demonspawn Cinder Acolyte on Sept 9, 2022.
             Was a Priest of Ignis.
             Killed from afar by Maggie (6 damage)
             ... with a bolt of fire
             ... on level 7 of the Dungeon.
             The game lasted 00:02:21 (6264 turns).

qw the Cleaver (Demonspawn Cinder Acolyte)          Turns: 6264, Time: 00:02:21

Health: -2/69      AC:  7    Str: 19    XL:     9   Next: 17%
Magic:  10/10      EV: 14    Int: 15    God:    Ignis [***...]
Gold:   340        SH:  0    Dex:  9    Spells: 10/10 levels left

rFire   + . .      SeeInvis .   (weapon currently unavailable)
rCold   . . .      Faith    .   (shield currently unavailable)
rNeg    . . .      Spirit   .   (body armour currently unavailable)
rPois   .          Reflect  .   (helmet currently unavailable)
rElec   .          Harm     .   (cloak currently unavailable)
rCorr   .          Rampage  .   (gloves currently unavailable)
Will    .....                   (boots currently unavailable)
Stlth   +.........              (no amulet)
HPRegen 0.21/turn               (ring currently unavailable)
MPRegen 0.12/turn               (ring currently unavailable)

@: about to teleport, pig-form (expiring), fiery-armoured, very quick
A: fast, no casting, small, (icy blue scales 2), (spiny 2)
a: Renounce Religion, Fiery Armour, Foxfire Swarm, Rising Flame


You were on level 7 of the Dungeon.
You worshipped Ignis.
Ignis was most pleased with you.
You were a filthy swine.
You visited 1 branch of the dungeon, and saw 7 of its levels.

You collected 438 gold pieces.
You spent 98 gold pieces at shops.


Innate Abilities, Weirdness & Mutations

You are a filthy swine.
You move quickly.
Your equipment is almost entirely melded.
You are incapable of wielding weapons or throwing items.
You cannot cast spells.
((You are mostly covered in icy blue scales. (AC +3)))
((You are mostly covered in sharp spines.))


   Skills:
 - Level 6.0 Fighting
 - Level 9.5 Axes
 - Level 1.0 Throwing
 - Level 3.2 Armour
 - Level 1.5 Dodging
 + Level 1.1 Shields
 - Level 1.0 Spellcasting
 - Level 2.6 Fire Magic


You had 10 spell levels left.
You didn't know any spells.
Your spell library contained the following spells:

 Spells                   Type           Power      Damage    Failure   Level
 Scorch                   Fire           16%        2d5       12%         2

Inventory:

Hand Weapons
 q - a -1 hand axe of flaming
 Y - a +0 war axe (melded)
Armour
 h - the +3 cloak of True Grit (melded) {Drain rPois rF+ rC+}
   (You acquired it on level 4 of the Dungeon)

   rF:        It protects you from fire.
   rC:        It protects you from cold.
   rPois:     It protects you from poison.
   Drain:     It drains your maximum health when unequipped.
 m - a +0 chain mail (melded)
 o - a +2 helmet (melded)
 s - a +0 tower shield (melded)
Jewellery
 d - a ring of see invisible (melded)
 j - a ring of fire
 k - a +4 ring of evasion (melded)
 l - a ring of ice
Scrolls
 f - a scroll of identify
Potions
 e - a potion of resistance
 i - 3 potions of curing
 n - a potion of ambrosia {unknown}
 r - 3 potions of mutation

Dungeon Overview and Level Annotations

Branches:
Dungeon (7/15)             Temple (0/1) D:4

Altars:
Ashenzari
Gozag
Wu Jian

Shops:
D:2 (   D:6 *

Portals:
Bailey: D:7

Annotations:
D:7 Maggie


Message History

Maggie is heavily wounded.
You hit Maggie but do no damage.
Maggie is heavily wounded.
Maggie hits you but does no damage.
You hit Maggie.
Maggie is heavily wounded.
Maggie closely misses you.
You hit Maggie but do no damage.
Maggie is heavily wounded.
Your transformation is almost over.
Maggie barely misses you.
You hit Maggie but do no damage.
Maggie is heavily wounded.
Maggie barely misses you.
You completely miss Maggie.
Maggie is heavily wounded.
Maggie hits you with a +0 scimitar!
Maggie is burned by your cloak of flames.
Maggie is heavily wounded.
You closely miss Maggie.
Maggie is heavily wounded.
You hit Maggie.
Maggie is heavily wounded.
Maggie hits you with a +0 scimitar!
Maggie is burned by your cloak of flames.
Maggie is heavily wounded.
6262 ||| READING scroll of teleportation.
As you read the scroll of teleportation, it crumbles to dust.
You feel strangely unstable. Maggie hits you with a +0 scimitar.
Maggie is burned by your cloak of flames.
Maggie is severely wounded.
You hit Maggie but do no damage.
Maggie is severely wounded.
Maggie completely misses you.
You closely miss Maggie.
Maggie is severely wounded.
Maggie points at you and mumbles some strange words.
The bolt of fire hits you. You resist.
You die...

.....#.# .......
.....# .. .....#
.... ....# .....
#...#
.....####.@.# #
!........h..##..#
#####...........#
###....####..#
###...##
#####....##
####.......##
#..........# #
#.........## ##
#....<.[.##


You could see Maggie.

Vanquished Creatures
  Pikel (D:6)
  Eustachio (D:5)
  Edmund (D:6)
  Menkaure (D:5)
  A water moccasin (D:6)
  An ogre (D:4)
  2 lemures (D:6)
  2 necrophages (D:5)
  2 bullfrogs
  Blork the orc (D:6)
  A scorpion (D:4)
  2 gnoll boudas
  4 hounds
  5 orc priests
  4 iguanas
  5 orc wizards
  15 gnolls
  9 adders
  2 shadow imps
  A white imp (D:6)
  An ufetubus (D:5)
  3 dart slugs
  20 orcs
  5 bats
  13 endoplasms
  5 giant cockroaches
  2 goblins
  7 hobgoblins
  12 kobolds
  A quokka (D:1)
  5 ball pythons
  4 frilled lizards
  5 rats
144 creatures vanquished.

Notes
Turn   | Place    | Note
-------+----------+-------------------------------------------
     0 | D:1      | qw the Demonspawn Cinder Acolyte began the quest for the
                  | Orb.
     0 | D:1      | Reached XP level 1. HP: 18/18 MP: 2/2
     0 | D:1      | 0 ||| qw: Version: 0.1-a-113-g051387a
     0 | D:1      | 0 ||| qw: Game counter: 7329
     0 | D:1      | 0 ||| qw: Always use a shield: true
     0 | D:1      | 0 ||| qw: God list: Okawaru
     0 | D:1      | 0 ||| qw: Allow faded altars: false
     0 | D:1      | 0 ||| qw: Do Orc after D:15 true
     0 | D:1      | 0 ||| qw: Do second Lair branch before Depths: true
     0 | D:1      | 0 ||| qw: Lair rune preference: random
     0 | D:1      | 0 ||| qw: Plans: Normal
     0 | D:1      | 0 ||| PLANNING D:1-11
    47 | D:1      | Reached skill level 3 in Axes
    75 | D:1      | 75 ||| Stepping ~*~*~tactically~*~*~ (stealth).
    79 | D:1      | 79 ||| Stepping ~*~*~tactically~*~*~ (stealth).
    97 | D:1      | 97 ||| INVOKING Fiery Armour.
   261 | D:1      | Gained mutation: You are partially covered in sharp spines.
                  | [demonic ancestry]
   261 | D:1      | Reached XP level 2. HP: 18/24 MP: 3/3
   522 | D:1      | 522 ||| Stepping ~*~*~tactically~*~*~ (stealth).
   528 | D:1      | 528 ||| Stepping ~*~*~tactically~*~*~ (stealth).
   677 | D:1      | 677 ||| Stepping ~*~*~tactically~*~*~ (stealth).
   683 | D:1      | 683 ||| Stepping ~*~*~tactically~*~*~ (stealth).
   921 | D:1      | 921 ||| UPGRADING to +0 leather armour.
   931 | D:1      | 931 ||| DROPPING +0 robe.
   932 | D:1      | 932 ||| UPGRADING to +0 chain mail.
   942 | D:1      | 942 ||| DROPPING +0 leather armour.
   943 | D:1      | 943 ||| UPGRADING to +4 ring of evasion.
   944 | D:1      | 944 ||| READING scroll labelled PITILA EHIJYPN.
   945 | D:1      | 945 ||| READING scroll labelled WOYK JELERCH.
   949 | D:1      | 949 ||| READING scroll labelled DUOLLU DEIZ.
   950 | D:1      | 950 ||| READING scroll labelled VURIERRUPNE.
   951 | D:1      | 951 ||| DRINKING 2 glowing sapphire potions.
   952 | D:1      | 952 ||| DROPPING potion of attraction.
  1002 | D:2      | Gained mutation: You are partially covered in icy blue
                  | scales. (AC +2) [demonic ancestry]
  1002 | D:2      | Reached XP level 3. HP: 29/29 MP: 4/4
  1206 | D:2      | Reached skill level 1 in Armour
  1371 | D:2      | Found Kaetoruedgh's Weapon Emporium.
  1388 | D:2      | 1388 ||| BUYING +0 war axe (49 gold).
  1388 | D:2      | Bought a +0 war axe for 49 gold pieces
  1388 | D:2      | 1388 ||| SWAPPING to +0 war axe.
  1426 | D:2      | 1426 ||| Stepping ~*~*~tactically~*~*~ (stealth).
  1428 | D:2      | 1428 ||| Stepping ~*~*~tactically~*~*~ (stealth).
  1429 | D:2      | 1429 ||| Stepping ~*~*~tactically~*~*~ (stealth).
  1437 | D:2      | 1437 ||| Stepping ~*~*~tactically~*~*~ (stealth).
  1441 | D:2      | Reached skill level 4 in Axes
  1457 | D:2      | Gained mutation: You are mostly covered in sharp spines.
                  | [demonic ancestry]
  1457 | D:2      | Reached XP level 4. HP: 20/35 MP: 5/5
  1695 | D:2      | 1695 ||| Stepping ~*~*~tactically~*~*~ (stealth).
  1698 | D:2      | 1698 ||| Stepping ~*~*~tactically~*~*~ (stealth).
  1699 | D:2      | 1699 ||| Stepping ~*~*~tactically~*~*~ (stealth).
  1704 | D:2      | 1704 ||| Stepping ~*~*~tactically~*~*~ (stealth).
  1710 | D:2      | 1710 ||| Stepping ~*~*~tactically~*~*~ (stealth).
  1712 | D:2      | 1712 ||| INVOKING Fiery Armour.
  1713 | D:2      | 1713 ||| STAIRDANCE
  1719 | D:1      | 1719 ||| UPGRADING to ring of see invisible.
  1720 | D:1      | 1720 ||| DRINKING 2 smoky pink potions.
  1724 | D:2      | 1724 ||| STAIRDANCE
  1733 | D:2      | 1733 ||| STAIRDANCE
  1815 | D:2      | Reached XP level 5. HP: 41/41 MP: 6/6
  1935 | D:3      | Reached skill level 5 in Axes
  1962 | D:3      | Found an ornate altar of the Wu Jian Council.
  2132 | D:3      | 2132 ||| UPGRADING to +2 helmet.
  2137 | D:3      | 2137 ||| READING scroll labelled LINNIEREIL.
  2138 | D:3      | 2138 ||| DRINKING 2 dark potions.
  2139 | D:3      | 2139 ||| DROPPING potion of brilliance.
  2140 | D:3      | 2140 ||| READING scroll of teleportation.
  2730 | D:3      | 2730 ||| DRINKING 2 sedimented amethyst potions.
  2731 | D:3      | 2731 ||| DROPPING potion of flight.
  2732 | D:3      | 2732 ||| READING scroll of teleportation.
  2813 | D:3      | 2813 ||| Stepping randomly (stuck).
  2814 | D:3      | 2814 ||| Stepping randomly (stuck).
  2815 | D:3      | 2815 ||| Stepping randomly (stuck).
  2816 | D:3      | 2816 ||| Stepping randomly (stuck).
  2818 | D:3      | 2818 ||| Stepping randomly (stuck).
  2819 | D:3      | 2819 ||| Stepping randomly (stuck).
  2821 | D:3      | 2821 ||| Stepping randomly (stuck).
  2854 | D:3      | 2854 ||| Stepping randomly (stuck).
  2859 | D:3      | 2859 ||| Stepping randomly (stuck).
  2870 | D:3      | 2870 ||| Stepping randomly (stuck).
  2871 | D:3      | 2871 ||| Stepping randomly (stuck).
  2872 | D:3      | 2872 ||| Stepping randomly (stuck).
  2909 | D:3      | 2909 ||| READING scroll labelled SUUCKY OPSOESH.
  2911 | D:3      | 2911 ||| Stepping randomly (stuck).
  2912 | D:3      | 2912 ||| Stepping randomly (stuck).
  2916 | D:3      | 2916 ||| Stepping randomly (stuck).
  2922 | D:3      | 2922 ||| Stepping randomly (stuck).
  2923 | D:3      | 2923 ||| Stepping randomly (stuck).
  2979 | D:4      | 2979 ||| STAIRDANCE
  2984 | D:4      | 2984 ||| STAIRDANCE
  3170 | D:4      | Noticed an ogre
  3173 | D:4      | 3173 ||| Stepping ~*~*~tactically~*~*~ (stealth).
  3179 | D:4      | HP: 3/41 [ogre/+0 giant club (24)]
  3180 | D:4      | 3180 ||| READING scroll of teleportation.
  3181 | D:4      | 3181 ||| INVOKING Fiery Armour.
  3182 | D:4      | Killed an ogre
  3183 | D:4      | Reached skill level 6 in Axes
  3183 | D:4      | Reached XP level 6. HP: 4/47 MP: 7/7
  3184 | D:4      | Found a staircase to the Ecumenical Temple.
  3187 | D:4      | HP: 3/47 [adder (2)]
  3194 | D:4      | 3194 ||| DRINKING 3 potions of curing.
  3194 | D:4      | 3194 ||| (to cure confusion)
  3215 | D:4      | HP: 9/48 [gnoll bouda/+0 club (4)]
  3533 | D:4      | Reached XP level 7. HP: 53/54 MP: 8/8
  3590 | D:4      | 3590 ||| Stepping ~*~*~tactically~*~*~ (stealth).
  3704 | D:4      | 3704 ||| Stepping ~*~*~tactically~*~*~ (hiding).
  3839 | D:4      | 3839 ||| READING scroll labelled PIEWOR UKUTT.
  3839 | D:4      | Identified a scroll of acquirement
  3839 | D:4      | 3839 ||| ACQUIRING +3 cloak of True Grit {Drain rPois rF+
                  | rC+}
  3839 | D:4      | Acquired the +3 cloak of True Grit {Drain rPois rF+ rC+}
  3841 | D:4      | 3841 ||| UPGRADING to +3 cloak of True Grit {Drain rPois
                  | rF+ rC+}.
  3876 | D:5      | Entered Level 5 of the Dungeon
  3954 | D:5      | Reached skill level 7 in Axes
  3987 | D:5      | Reached skill level 1 in Dodging
  4018 | D:5      | 4018 ||| DROPPING +0 vorpal war axe.
  4115 | D:5      | Reached skill level 1 in Throwing
  4339 | D:5      | 4339 ||| Stepping ~*~*~tactically~*~*~ (hiding).
  4342 | D:5      | 4342 ||| Stepping ~*~*~tactically~*~*~ (hiding).
  4409 | D:5      | 4409 ||| FLEEEEING.
  4410 | D:5      | 4410 ||| FLEEEEING.
  4411 | D:5      | 4411 ||| FLEEEEING.
  4412 | D:5      | 4412 ||| FLEEEEING.
  4413 | D:5      | 4413 ||| FLEEEEING.
  4414 | D:5      | 4414 ||| FLEEEEING.
  4415 | D:5      | 4415 ||| FLEEEEING.
  4641 | D:5      | Noticed Eustachio
  4664 | D:5      | Killed Eustachio
  4665 | D:5      | Reached skill level 8 in Axes
  4665 | D:5      | Gained mutation: You are mostly covered in icy blue scales.
                  | (AC +3) [demonic ancestry]
  4665 | D:5      | Reached XP level 8. HP: 57/60 MP: 9/9
  4892 | D:5      | Noticed Menkaure
  4893 | D:5      | 4893 ||| Stepping ~*~*~tactically~*~*~ (hiding).
  4900 | D:5      | Killed Menkaure
  4901 | D:5      | Reached skill level 3 in Armour
  5147 | D:5      | 5147 ||| READING scroll labelled ZYMUIG KO PUHE.
  5148 | D:5      | 5148 ||| DRINKING 2 glowing emerald potions.
  5149 | D:5      | 5149 ||| READING 5 scrolls of identify.
  5149 | D:5      | 5149 ||| IDENTIFYING sedimented coppery potion
  5150 | D:5      | 5150 ||| READING 4 scrolls of identify.
  5150 | D:5      | 5150 ||| IDENTIFYING cyan potion
  5151 | D:5      | 5151 ||| READING 3 scrolls of identify.
  5151 | D:5      | 5151 ||| IDENTIFYING pink potion
  5152 | D:5      | 5152 ||| READING 2 scrolls of identify.
  5152 | D:5      | 5152 ||| IDENTIFYING lumpy dark potion
  5153 | D:5      | 5153 ||| DROPPING potion of invisibility.
  5154 | D:5      | 5154 ||| DROPPING potion of lignification.
  5206 | D:6      | Noticed Edmund
  5213 | D:6      | Noticed Pikel
  5214 | D:6      | 5214 ||| INVOKING Fiery Armour.
  5220 | D:6      | Killed Edmund
  5223 | D:6      | HP: 14/62 [Pikel/+1 whip of flaming (5)]
  5224 | D:6      | 5224 ||| READING 2 scrolls of teleportation.
  5224 | D:6      | Killed Pikel
  5225 | D:6      | Reached skill level 9 in Axes
  5254 | D:6      | HP: 12/63 [orc priest/+0 flail (8)]
  5255 | D:6      | 5255 ||| DRINKING potion of heal wounds.
  5384 | D:6      | 5384 ||| Stepping ~*~*~tactically~*~*~ (hiding).
  5664 | D:6      | Noticed Blork the orc
  5665 | D:6      | 5665 ||| Stepping ~*~*~tactically~*~*~ (hiding).
  5673 | D:6      | 5673 ||| INVOKING Fiery Armour.
  5675 | D:6      | Killed Blork the orc
  5676 | D:6      | Reached XP level 9. HP: 51/69 MP: 10/10
  5687 | D:6      | Reached skill level 6 in Fighting
  5861 | D:6      | Found Dukkudda's Mass Market.
  5880 | D:6      | 5880 ||| BUYING +0 tower shield (49 gold).
  5880 | D:6      | Bought a +0 tower shield for 49 gold pieces
  5999 | D:6      | Found a broken altar of Ashenzari.
  6097 | D:6      | 6097 ||| UPGRADING to +0 tower shield.
  6102 | D:6      | 6102 ||| DROPPING ring of flight.
  6103 | D:6      | 6103 ||| READING 2 scrolls labelled VENAYNNO TAGUO.
  6104 | D:6      | 6104 ||| READING scroll labelled QANUSA XAAWKO.
  6105 | D:6      | 6105 ||| READING 2 scrolls of identify.
  6105 | D:6      | 6105 ||| IDENTIFYING fuming cyan potion
  6106 | D:6      | 6106 ||| DROPPING scroll of blinking.
  6107 | D:6      | 6107 ||| DROPPING potion of magic.
  6146 | D:7      | Found a flagged portal.
  6158 | D:7      | Reached skill level 1 in Shields
  6165 | D:7      | Found an opulent altar of Gozag.
  6198 | D:7      | 6198 ||| Stepping ~*~*~tactically~*~*~ (hiding).
  6233 | D:7      | Noticed Maggie
  6234 | D:7      | 6234 ||| Stepping ~*~*~tactically~*~*~ (hiding).
  6236 | D:7      | 6236 ||| Stepping ~*~*~tactically~*~*~ (hiding).
  6251 | D:7      | 6251 ||| INVOKING Fiery Armour.
  6261 | D:7      | HP: 9/69 [Maggie/+0 scimitar (9)]
  6262 | D:7      | 6262 ||| READING scroll of teleportation.
  6262 | D:7      | HP: 3/69 [Maggie/+0 scimitar (6)]
  6264 | D:7      | Killed from afar by Maggie

Levels and vault maps discovered:
D:1:      spicycebolla_arrival_ecumenical, layout_rooms,
          hangedman_abyss_or_decor_lesser_grid
D:2:      layout_basic, serial_shops, nicolae_shop_bloodbath_and_beyond
D:3:      layout_loops_ring, lemuel_doored_altar, minivault_27, minmay_puff
D:4:      layout_rooms, minmay_temple_entry_glass
D:5:      layout_layer_cave, uniq_menkaure, uniq_eustachio
D:6:      layout_rooms, kennysheep_mini_moat, minmay_shop_mass, uniq_pikel,
          uniq_edmund, uniq_blork_the_orc
D:7:      layout_cave_pods, nicolae_gozag_seed_capital, lemuel_crystal_altar,
          enter_bailey_2, uniq_maggie

Skill      XL: |  1  2  3  4  5  6  7  8  9 |
---------------+----------------------------+-----
Axes           | 3 4 6 8 9 |  9.5
Armour         | 1 2 3 |  3.2
Fighting       | 4 5 6 |  6.0
Dodging        | 1 |  1.5
Throwing       | 1 |  1.0
Shields        | 1 |  1.1
Spellcasting   | |  1.0
Fire Magic     | |  2.6

Action                   |  1- 3 |  4- 6 |  7- 9 || total
-------------------------+-------+-------+-------++-------
Melee: Hand axe          |   102 |       |       ||   102
       War axe           |    22 |    72 |   128 ||   222
       Punch             |       |       |     2 ||     2
       Unarmed           |       |       |    17 ||    17
Throw: Boomerang         |       |    29 |    20 ||    49
Invok: Fiery Armour      |     1 |     2 |     3 ||     6
  Use: Scroll            |     4 |     5 |    11 ||    20
       Potion            |     1 |     4 |     2 ||     7
Armor: Robe              |    14 |       |       ||    14
       Chain mail        |    33 |    41 |    67 ||   141
       Skin              |       |       |     1 ||     1
Dodge: Dodged            |    40 |    40 |    87 ||   167
Block: Tower shield      |       |       |     5 ||     5

Table legend:
 A = Non-vault XP
 B = Vault XP
 C = Vault XP percentage of total XP
 D = Non-vault monster count
 E = Vault monster count
 F = Vault count percentage of total count
                 A         B        C        D         E       F
            +---------+---------+-------+---------+---------+-------
      Total |    2032 |    1251 |  38.1 |     132 |      10 |   7.0
            +---------+---------+-------+---------+---------+-------
        D:1 |      65 |       0 |   0.0 |      24 |       0 |   0.0
        D:2 |     131 |       0 |   0.0 |      28 |       0 |   0.0
        D:3 |     116 |      11 |   8.7 |      17 |       5 |  22.7
        D:4 |     617 |       0 |   0.0 |      27 |       0 |   0.0
        D:5 |     418 |     372 |  47.1 |      16 |       2 |  11.1
        D:6 |     581 |     868 |  59.9 |      17 |       3 |  15.0
        D:7 |     104 |       0 |   0.0 |       3 |       0 |   0.0
            +---------+---------+-------+---------+---------+-------
